moar splat!, neutral male scurrid Tourist ----- ------ |!.. ...`| |... ...| |...-----...| |...|.{.|...| |..`|{.{|`..| |...|.{.|.... |...--.--...| |.....`...r.| |`%......@.`| ------------- moar splat! the Rambler Experience level: 2 Strength: 12 Dexterity: 10 Constitution: 14 Intelligence: 13 Wisdom: 9 Charisma: 17 Health: 0(18) Energy: 7(7) Def: 8 Gold: 74 Moves: 220 Dungeon seed: -54w2abV1k_u_O77 Game ID: moar splat!_1528895979 Your Inventory: Coins $ - 74 gold pieces Weapons a - 48 uncursed +2 darts (in quiver) Armor e - an uncursed +0 Hawaiian shirt (being worn) n - a blessed +1 helmet (being worn) q - an uncursed +0 pair of gauntlets of dexterity (being worn) r - an uncursed +0 cloak of magic resistance (being worn) y - an uncursed +0 pair of jumping boots (being worn) z - a blessed +1 leather armor (being worn) Comestibles b - 7 uncursed food rations c - an uncursed tripe ration d - an uncursed egg f - an uncursed lembas wafer Scrolls h - 4 uncursed scrolls of magic mapping Potions g - 2 uncursed potions of extra healing A - 2 uncursed potions of hallucination Wands k - an uncursed wand of secret door detection (0:11) Tools i - an uncursed expensive camera (0:39) j - an uncursed credit card l - an uncursed oil lamp (0:1031) Spells and supernatural/magical abilities: Name Level Category Fail Memory W - pray for help -- divine ? -- Y - supernatural jump -- ability ? -- Your skills at the end: Miscellaneous Skills wands [Basic] Weapon Skills dart [Basic] Spellcasting Skills Final Attributes: You were devoutly aligned. You were magic-protected. You had infravision. You were stealthy. You could jump. You are dead. Vanquished creatures: a shrieker a dwarf zombie a cave spider a fox 2 sewer rats a lichen 7 creatures vanquished. Voluntary challenges: You followed a strict vegan diet. You did not adorn yourself with jewelry or accessories. You did not cause conflict. You were not invisible. You did not have reflection. You were not displaced. You were an atheist. You never hit with a wielded weapon. You did not use containers. You did not apply a unicorn horn. You did not use plumbed fixtures. You read items or engraved 1 time, starting on turn 134. You never genocided any monsters. You never polymorphed an object. You never changed form. You used no wishes. You never split a pudding. You never wrote Elbereth's name. You never violated your personal moral code. Dungeon overview: The Dungeons of Doom: levels 1 to 6 Level 1 a fountain a long staircase Level 2 an armor shop Level 3 Level 4 Level 5 Level 6 <- You were here many fountains History has recorded: On T:1 you entered the Dungeons of Doom to retrieve the Amulet of Yendor! On T:7 you reached level 2 of The Dungeons of Doom. On T:112 you reached level 3 of The Dungeons of Doom. On T:118 you reached level 4 of The Dungeons of Doom. On T:142 you reached level 5 of The Dungeons of Doom. On T:169 you reached level 6 of The Dungeons of Doom. On T:193 you advanced to experience level 2. Score breakdown: Gold: 0 ( 0 points) Experience: 2 levels ( 100 points) Exploration: 6 levels ( 150 points) Discoveries: 6 items ( 300 points) Variety of kills: 6 monsters ( 300 points) Major goal: (nothing yet) ( 0 points) Survival: died (score multiplied by 3) Total score: 2550 Latest messages: The dart hits the shrieker! a - an uncursed +2 dart (in quiver). (2x) a - 3 uncursed +2 darts (in quiver). A - a potion called hallu. The dart hits the shrieker. The dart misses the shrieker. You kill the shrieker! Welcome to experience level 2. You feel more confident in your skills. a - an uncursed +2 dart (in quiver). K - a swirly potion. a - 3 uncursed +2 darts (in quiver). Your feet are frozen to the floor! The sewer rat bites! (5x) The sewer rat misses. The sewer rat bites! (5x) You die... Final status: Aloha moar splat! the Tourist, killed by a sewer rat, while frozen by a potion... You died in The Dungeons of Doom on dungeon level 6 with 2550 points, and 74 pieces of gold, after 220 moves. You were level 2 with a maximum of 18 hit points when you died.